 Dungeon Crawl Stone Soup version 0.23.2-40-g277498a001 (webtiles) character file.

Game seed: 13730445394034608033

164 sankara the Sneak (level 5, -1/32 HPs)
             Began as a Kobold Berserker on Jan 11, 2020.
             Was a Believer of Trog.
             Slain by a gnoll
             ... wielding a +0 spear
              (6 damage)
             ... on level 3 of the Dungeon.
             The game lasted 00:06:26 (2296 turns).

sankara the Sneak (Kobold Berserker)                Turns: 2296, Time: 00:06:26

Health: -1/32      AC:  4    Str: 14    XL:     5   Next: 73%
Magic:  5/5        EV: 17    Int:  8    God:    Trog [**....]
Gold:   114        SH:  0    Dex: 16    Spells: 4/4 levels left

rFire    . . .     SeeInvis .   a - +0 short sword
rCold    . . .     Gourm    .   (shield restricted)
rNeg     . . .     Faith    .   g - +0 animal skin
rPois    .         Spirit   .   t - +2 hat
rElec    .         Reflect  .   (no cloak)
rCorr    .         Harm     .   (no gloves)
MR       .....                  (no boots)
Stlth    +++.......             (no amulet)
HPRegen  0.10/turn              (no ring)
MPRegen  0.09/turn              (no ring)

@: lethally poisoned (-1 -> -4), berserk cooldown, slowed, very slow
A: small, carnivore
a: Berserk, Trog's Hand, Renounce Religion


You were on level 3 of the Dungeon.
You worshipped Trog.
Trog was pleased with you.
You were very full.

You visited 1 branch of the dungeon, and saw 3 of its levels.

You collected 114 gold pieces.

Inventory:

Hand Weapons
 a - a +0 short sword (weapon)
 b - a +0 dagger
   (You took it off a kobold on level 1 of the Dungeon)
Missiles
 n - 10 bolts
Armour
 g - a +0 animal skin (worn)
 t - a +2 hat (worn)
   (You found it on level 2 of the Dungeon)
Scrolls
 f - 2 scrolls of magic mapping {unknown}
 h - a scroll of teleportation {unknown}
 k - a scroll of noise {unknown}
 l - 2 scrolls of identify {unknown}
 m - 4 scrolls of fear {unknown}
 q - 2 scrolls of enchant armour {unknown}
 s - a scroll of enchant weapon {unknown}
Potions
 d - 4 potions of curing {unknown}
 e - 2 potions of mutation {unknown}
 i - a potion of lignification {unknown}
 j - 3 potions of heal wounds {unknown}
 o - a potion of agility {unknown}
 p - a potion of degeneration {unknown}
Comestibles
 c - 2 rations
 r - 6 chunks of flesh {@w0}


   Skills:
 - Level 3.2 Fighting
 - Level 4.0 Short Blades
 - Level 1.5 Armour
 + Level 4.2 Dodging
 * Level 5.8 Stealth


You had 4 spell levels left.
You didn't know any spells.
Your spell library was empty.

Dungeon Overview and Level Annotations

Branches:
Dungeon (3/15)

Altars:


Innate Abilities, Weirdness & Mutations

You are small and have problems with some larger weapons.
You are carnivorous and can eat meat at any time.


Message History

An orc comes into view. It is wielding a +0 whip.
An adder and an orc come into view. 2 orcs come into view.
An orc is wielding a +1 whip of electrocution.
The helpless orc fails to defend itself.
You impale the orc!!
You kill the orc!
Trog accepts your kill.
You barely miss the orc. The orc misses you.
You closely miss the orc.
A gnoll comes into view. It is wielding a +0 spear.
The orc hits you with a +0 hand axe.
The gnoll shouts!
You hit the orc.
The orc is heavily wounded.
The orc shouts!
You hear a shout!
The adder hisses angrily.
The orc barely misses you.
A gnoll comes into view. It is wielding a +0 whip.
The orc hits you with a +0 hand axe.
You closely miss the orc.
The orc is heavily wounded.
The orc closely misses you.
You hit the orc.
You kill the orc!
Trog accepts your kill.
A red film seems to cover your vision as you go berserk!
You feel yourself moving faster!
You feel mighty!
You hit the orc.
The orc is severely wounded.
The orc closely misses you.
You barely miss the orc.
The orc is severely wounded.
The gnoll hits you but does no damage. The orc closely misses you.
You hit the orc.
The orc is severely wounded.
The orc barely misses you. The adder closely misses you.
You barely miss the orc.
The orc is severely wounded.
The gnoll hits you from afar with a +0 spear.
The adder bites you.
You are poisoned.
The adder poisons you! The orc completely misses you. x2
You are too injured to fight recklessly!
You are too injured to fight recklessly!
You are too injured to fight recklessly!
You puncture the adder!
The adder is almost dead.
You feel sick. The adder bites you. The gnoll barely misses you.
The orc misses you.
You closely miss the adder.
The adder is almost dead.
The orc hits you but does no damage.
You are electrocuted!
The adder closely misses you.
You barely miss the adder.
The adder is almost dead.
The gnoll misses you. The orc closely misses you.
The orc completely misses you.
You puncture the adder!
You kill the adder!
Trog accepts your kill.
You feel sick.
You puncture the orc!
You kill the orc!
Trog accepts your kill. The gnoll barely misses you. The orc misses you.
You puncture the orc!
You kill the orc!
Trog accepts your kill. The gnoll misses you. The orc closely misses you.
You closely miss the orc. You barely miss the orc.
The gnoll closely misses you. The orc hits you with a +0 whip.
You puncture the gnoll!
The gnoll is severely wounded.
You feel sick. The gnoll barely misses you.
You puncture the gnoll!
You kill the gnoll!
Trog accepts your kill. The gnoll barely misses you.
The orc hits you but does no damage.
You hit the orc.
The orc is heavily wounded.
The gnoll hits you from afar with a +0 spear.
* * * LOW HITPOINT WARNING * * *
The orc barely misses you.
You puncture the orc!
You kill the orc!
Trog accepts your kill.
A gnoll comes into view. It is wielding a +0 halberd.
The gnoll shouts!
The gnoll closely misses you.
A kobold comes into view. It is wielding a +0 short sword.
Things that are here:
a +0 whip; 17 gold pieces; a +0 whip The kobold shouts!
You hit the gnoll.
The gnoll is heavily wounded.
You are no longer berserk.
You are exhausted.
You feel yourself slow down.
You feel sick. The gnoll hits you with a +0 spear.
You die...

# #### ##### .#
...#####...#######.# #
.###...##.......)..#..K#
......###.##...#@g....g.
...(......##...#.###...#
......#######..#.# ##
#####.# #..#.# # #.#
#..#.# # #.. ...#(# #
#.#. .....# # #.... ###
# #.


You could see 2 gnolls and a kobold.

Vanquished Creatures
  A bullfrog skeleton (D:3)
  6 adders
  A gnoll (D:3)
  A worm (D:2)
  A dart slug (D:2)
  3 leopard geckos
  5 orcs (D:3)
  4 bats
  3 giant cockroaches
  11 goblins
  5 hobgoblins (D:1)
  3 jackals (D:3)
  3 kobolds
  3 frilled lizards
  10 rats
60 creatures vanquished.

Notes
Turn   | Place    | Note
-------+----------+-------------------------------------------
     0 | D:1      | sankara the Kobold Berserker began the quest for the Orb.
     0 | D:1      | Reached XP level 1. HP: 14/14 MP: 1/1
    54 | D:1      | Reached skill level 1 in Stealth
   115 | D:1      | Reached XP level 2. HP: 14/19 MP: 2/2
   119 | D:1      | Reached skill level 2 in Stealth
   435 | D:1      | Reached skill level 3 in Dodging
   476 | D:1      | Reached XP level 3. HP: 23/23 MP: 3/3
   506 | D:1      | Reached skill level 3 in Stealth
  1084 | D:2      | Reached ** piety under Trog
  1103 | D:2      | Reached XP level 4. HP: 28/28 MP: 4/4
  1188 | D:2      | Noticed a phantom
  1371 | D:2      | Reached skill level 4 in Stealth
  2096 | D:3      | Reached XP level 5. HP: 30/32 MP: 5/5
  2107 | D:3      | Reached skill level 5 in Stealth
  2113 | D:3      | Reached skill level 4 in Dodging
  2293 | D:3      | HP: 9/48 [gnoll/+0 spear (6)]
  2296 | D:3      | Slain by a gnoll

Skill      XL: |  1  2  3  4  5 |
---------------+----------------+-----
Stealth        | 1 2 3 4 5 |  5.8
Dodging        | 3 4 |  4.2
Fighting       | |  3.2
Short Blades   | |  4.0
Armour         | |  1.5

Action                   |  1- 3 |  4- 6 || total
-------------------------+-------+-------++-------
Melee: Short sword       |    95 |    84 ||   179
       Dagger            |       |     1 ||     1
Invok: Berserk           |     3 |     4 ||     7
 Stab: Sleeping          |     2 |     4 ||     6
  Eat: Chunk             |    10 |     8 ||    18
Armor: Animal skin       |    11 |     5 ||    16
Dodge: Dodged            |    75 |    71 ||   146

Levels and vault maps discovered:
D:1:      roderic_crossed_star, layout_basic
D:2:      wander_river, layout_rooms
D:3:      kennysheep_six_static_rooms, layout_loops_ring, uniq_grinder

Table legend:
 A = Turns spent in this place as a percentage of turns spent in the entire game.
 B = Non-inter-level travel turns spent in this place as a percentage of non-inter-level travel turns spent in the entire game.
 C = Inter-level travel turns spent in this place as a percentage of turns spent in this place.
 D = Turns resting spent in this place as a percentage of non-inter-level travel turns spent in this place.
 E = Turns spent auto-exploring this place as a percentage of non-inter-level travel turns spent in this place.
 F = Non-inter-level travel turns spent in this place divided by the number of levels of this place that you've seen.
                   A       B       C       D       E      F
               +-------+-------+-------+-------+-------+----------------------
         Total | 100.0 | 100.0 |   4.6 |  37.0 |  35.8 | 730.3
       Dungeon | 100.0 | 100.0 |   4.6 |  37.0 |  35.8 | 730.3
               +-------+-------+-------+-------+-------+----------------------

Table legend:
 A = Kills in this place as a percentage of kills in entire the game.
 B = Kills by you in this place as a percentage of kills by you in the entire game.
 C = Kills by friends in this place as a percentage of kills by friends in the entire game.
 D = Other kills in this place as a percentage of other kills in the entire game.
 E = Experience gained in this place as a percentage of experience gained in the entire game.
 F = Experience gained in this place divided by the number of levels of this place that you have seen.
                   A       B       C       D       E      F
               +-------+-------+-------+-------+-------+----------------------
         Total | 100.0 | 100.0 |   N/A |   N/A | 100.0 |  78.3
       Dungeon | 100.0 | 100.0 |   N/A |   N/A | 100.0 |  78.3
               +-------+-------+-------+-------+-------+----------------------
